 Dungeon Crawl Stone Soup version 0.31-a0-233-g139696dc86 (webtiles) character file.

Game seed: 12036355772349966285

74 dialectric the Covered (level 4, 0/40 HPs)
             Began as a Minotaur Fighter on July 9, 2023.
             Was a Believer of Lugonu.
             Slain by an orc
             ... wielding a +2 flail of holy wrath
              (6 damage)
             ... on level 3 of the Dungeon.
             The game lasted 00:01:46 (1811 turns).

dialectric the Covered (Minotaur Fighter)           Turns: 1811, Time: 00:01:46

Health: 0/40       AC:  9    Str: 22    XL:     4   Next: 9%
Magic:  3/3        EV:  5    Int:  5    God:    Lugonu [**....]
Gold:   107        SH:  0    Dex: 10    Spells: 3/3 levels left

rFire   . . .        a - +0 long sword
rCold   . . .        (no shield)
rNeg    . . .        m - +0 chain mail
rPois   .            (helmet restricted)
rElec   .            (no cloak)
rCorr   .            (no gloves)
SInv    +            (no boots)
Will    .....        (no amulet) Stlth
                     i - ring of see invisible
HPRegen 0.26/turn    (no ring)
MPRegen 0.08/turn

%: no passive effects
@: grasped by roots, attractive, hasted, constricted, very quick
A: horns 2, retaliatory headbutt
a: Renounce Religion, Depart the Abyss, Banish


You were on level 3 of the Dungeon.
You worshipped Lugonu.
Lugonu was pleased with you.
You visited 1 branch of the dungeon, and saw 3 of its levels.

You collected 107 gold pieces.

Inventory:

Hand Weapons
 a - a +0 long sword (weapon)
Missiles
 j - 5 curare-tipped darts
Armour
 b - a +0 scale mail
 c - a +0 buckler
 m - a +0 chain mail (worn)
Jewellery
 i - a ring of see invisible (left hand)
 q - a +5 ring of evasion
Scrolls
 f - 2 scrolls of identify {unknown}
 h - 2 scrolls of enchant armour {unknown}
 k - a scroll of enchant weapon {unknown}
 o - a scroll of silence {unknown}
 p - a scroll of fog {unknown}
Potions
 d - a potion of might
 e - a potion of attraction
 g - a potion of haste
 l - a potion of heal wounds {unknown}
 n - a potion of curing {unknown}


   Skills:
 + Level 4.2 Fighting
 * Level 3.8 Long Blades
 + Level 4.3 Armour
 + Level 0.3 Dodging
 + Level 4.1 Shields


You had 3 spell levels left.
You didn't know any spells.
Your spell library contained the following spells:

 Spells                   Type           Power      Damage    Failure   Level
 Foxfire                  Conj/Fire      0%         2x1d4     97%         1
 Vhi's Electric Charge    Tloc/Air       0%         N/A       100%        3
 Arcjolt                  Conj/Air       0%         1d10      100%        5
 Fireball                 Conj/Fire      0%         3d3       100%        5
 Plasma Beam              Fire/Air       0%         2x1d10    100%        6
 Starburst                Conj/Fire      0%         6d3       100%        6


Dungeon Overview and Level Annotations

Branches:
Dungeon (3/15)

Altars:
Lugonu


Innate Abilities, Weirdness & Mutations

You have a pair of horns on your head.
You reflexively headbutt those who attack you in melee.


Message History

The goblin hits you but does no damage.
You closely miss the goblin.
The goblin hits you with a +0 short sword.
You slash the goblin!
You kill the goblin!
Lugonu accepts your kill.
You hit the orc but do no damage.
The orc hits you with a +2 flail of holy wrath!
You barely miss the orc.
The orc hits you with a +2 flail of holy wrath.
You closely miss the orc.
The orc hits you with a +2 flail of holy wrath!
The orc hits you with a +2 flail of holy wrath.
* * * LOW HITPOINT WARNING * * *
You closely miss the orc. The orc closely misses you.
The endoplasm quivers.
You hit the orc.
The orc is severely wounded.
The orc closely misses you.
You barely miss the orc. Your headbutt misses the orc.
The orc is severely wounded.
The orc hits you with a +2 flail of holy wrath.
* * * LOW HITPOINT WARNING * * *
You closely miss the orc. Your headbutt misses the orc.
The orc is severely wounded.
The orc hits you but does no damage.
The orc zaps a wand.
The roots erupt in riotous growth!
The grasping roots grab you!
The orc is unaffected.
The grasping roots constrict you.
* * * LOW HITPOINT WARNING * * *
You hear an angry hiss. x2
It was a potion of attraction.
You feel attractive to monsters.
The endoplasm jiggles.
The orc hits you but does no damage. The grasping roots constrict you.
* * * LOW HITPOINT WARNING * * *
Unknown command.
It was a potion of haste.
You feel yourself speed up.
The orc hits you with a +2 flail of holy wrath.
You die...

###.# ##..##
#.### ##..##
###.# #..##
#..# #.## #@#
#o#####
#J....#
#J..)........
#.#######.###
#


You could see an orc and an endoplasm.

Vanquished Creatures
  An adder (D:3)
  A worm (D:2)
  6 dart slugs
  2 orcs (D:3)
  3 ball pythons
  4 endoplasms
  3 giant cockroaches
  5 goblins
  4 hobgoblins
  A quokka (D:2)
  5 bats
  3 frilled lizards
  5 kobolds (D:1)
  4 rats
47 creatures vanquished.

Notes
Turn   | Place    | Note
-------+----------+-------------------------------------------
     0 | D:1      | dialectric the Minotaur Fighter began the quest for the
                  | Orb.
     0 | D:1      | Reached XP level 1. HP: 19/19 MP: 0/0
   130 | D:1      | Reached XP level 2. HP: 23/27 MP: 1/1
   285 | D:1      | Found a faded altar of an unknown god.
   381 | D:1      | Prayed at the altar of an unknown god.
   381 | D:1      | Became a worshipper of Lugonu the Unformed
   381 | D:1      | Reached * piety under Lugonu
   650 | D:1      | Reached XP level 3. HP: 33/33 MP: 2/2
  1791 | D:3      | Reached ** piety under Lugonu
  1800 | D:3      | Reached XP level 4. HP: 36/40 MP: 3/3
  1811 | D:3      | Slain by an orc

Illustrated notes

Levels and vault maps discovered:
D:1:      saegor_arrival_simple_d, layout_basic, nicolae_ecumenical_lake_church
D:2:      layout_basic
D:3:      layout_loops_ring, tgw_xom, grunt_gozag_breadcrumbs,
          grunt_decor_resistance, minmay_misc_feat_more_columns,
          nrook_loot_triangle

Skill      XL: |  1  2  3 |
---------------+----------+-----
Armour         | 4 |  4.3
Shields        | 4 |  4.1
Fighting       | 4 |  4.2
Long Blades    | 3 |  3.8
Dodging        | |  0.3

Action                     |  1- 3 |  4- 6 || total
---------------------------+-------+-------++-------
  Melee: Long sword        |    93 |    10 ||   103
         Headbutt          |    13 |       ||    13
         Punch             |     1 |       ||     1
    Use: Potion            |       |     2 ||     2
 Armour: Scale mail        |    44 |       ||    44
         Chain mail        |    15 |     3 ||    18
  Dodge: Dodged            |    64 |     2 ||    66

Table legend: (Time is in decaauts)
 A = Elapsed time spent in this place.
 B = Non-inter-level travel time spent in this place.
 C = Inter-level travel time spent in this place.
 D = Time resting spent in this place.
 E = Time spent auto-exploring this place.
 F = Levels seen in this place.
 G = Mean time per level.
                   A        B        C        D        E       F      G
               +--------+--------+--------+--------+--------+-----+--------+
         Total |   1839 |   1810 |     29 |      0 |   1484 |   3 |  613.0 |
       Dungeon |   1839 |   1810 |     29 |      0 |   1484 |   3 |  613.0 |
               +--------+--------+--------+--------+--------+-----+--------+

Top non-repeatable levels by time:
     D:2: 909 daAuts
     D:1: 836 daAuts
     D:3: 94 daAuts
